 Dungeon Crawl Stone Soup version 0.21.0-37-g46506fa (webtiles) character file.

25655 Lovchig the Cleaver (level 12, -7/111 HPs)
             Began as a Deep Dwarf Fighter on Jan 31, 2018.
             Was the Champion of Makhleb.
             Killed by divine providence
             ... invoked by a meliai
              (9 damage)
             ... on level 14 of the Dungeon.
             The game lasted 00:41:40 (10353 turns).

Lovchig the Cleaver (Deep Dwarf Fighter)           Turns: 10353, Time: 00:41:41

Health: -7/111     AC: 15    Str: 28    XL:     12   Next: 91%
Magic:  4/4        EV:  9    Int: 15    God:    Makhleb [******]
Gold:   874        SH: 20    Dex: 12    Spells: 11/11 levels left

rFire    + . .     SeeInvis .   H - +6 hand axe of Xiadamae {chop, -Tele rElec Str+4}
rCold    + . .     Gourm    .   e - +0 large shield
rNeg     . . .     Faith    .   q - +0 plate armour
rPois    .         Spirit   .   G - +0 helmet (curse)
rElec    +         Reflect  .   L - scarf {rC+ rF+}
rCorr    .         Harm     .   (no gloves)
MR       +....     NoTele   +   Q - +0 pair of boots
Stlth    ..........             (no amulet)
HPRegen  0.00/turn              a - ring of wizardry
MPRegen  0.09/turn              c - +5 ring of intelligence

@: non-regenerating
A: damage resistance, heal wounds, hooves 1, thin metallic scales 1, deformed
body, sense surroundings 2, shaggy fur 1, sturdy frame 1, no regeneration
a: Heal Wounds, Minor Destruction, Lesser Servant of Makhleb, Major Destruction,
Greater Servant of Makhleb, Renounce Religion


You were on level 14 of the Dungeon.
You worshipped Makhleb.
Makhleb was exalted by your worship.
You were near starving.

You visited 2 branches of the dungeon, and saw 15 of its levels.
You also visited: Ossuary and Ice Cave.

You collected 874 gold pieces.

Inventory:

Hand Weapons
 H - the +6 hand axe of Xiadamae (weapon) {chop, -Tele rElec Str+4}
   (You found it on level 10 of the Dungeon)

   It inflicts extra damage upon your enemies.
   It affects your strength (+4).
   It insulates you from electricity.
   It prevents most forms of teleportation.
 P - a +0 flail
Armour
 e - a +0 large shield (worn)
 q - a +0 plate armour (worn)
 G - a cursed +0 helmet (worn)
 L - a scarf of resistance (worn)
 Q - a +0 pair of boots (worn)
Jewellery
 a - a ring of wizardry (left hand)
 c - a +5 ring of intelligence (right hand)
 i - an uncursed ring of flight
Wands
 k - a wand of acid (12)
 m - a wand of scattershot (4)
 y - a wand of disintegration (33)
 A - a wand of digging (12)
 D - a wand of clouds (8)
 E - a wand of enslavement (20)
 K - a wand of iceblast (18)
 N - a wand of random effects (23)
 R - a wand of polymorph (17)
Scrolls
 j - 4 scrolls of fear
 o - 8 scrolls of remove curse
 p - 9 scrolls of teleportation
 s - 4 scrolls of magic mapping
 z - 2 scrolls of blinking
 C - 4 scrolls of enchant weapon
 I - 3 scrolls of enchant armour
 J - a scroll of identify
Potions
 b - 4 potions of curing
 d - 4 potions of might
 g - 2 potions of berserk rage
 h - a potion of magic
 l - 4 potions of brilliance
 n - a potion of cancellation
 r - 3 potions of ambrosia
 t - 3 potions of flight
 u - 7 potions of lignification
 v - 4 potions of heal wounds
 x - 2 potions of agility
 B - a potion of invisibility
 F - a potion of haste
Books
 w - the Almanac of Destructive Translocation
   (You found it in an ice cave)

   Spells                             Type                      Level
   a - Shock                          Conjuration/Air              1
   b - Flame Tongue                   Conjuration/Fire             1
   c - Magic Dart                     Conjuration                  1
   d - Throw Frost                    Conjuration/Ice              2
   e - Venom Bolt                     Conjuration/Poison           5
   f - Controlled Blink               Translocation                8
Miscellaneous
 M - a sack of spiders
Comestibles
 f - 24 rations


   Skills:
 * Level 8.2 Fighting
 * Level 13.8 Axes
 + Level 1.0(8.4) Maces & Flails
 * Level 10.0 Armour
 * Level 8.1 Dodging
 * Level 12.2 Shields


You had 11 spell levels left.
You didn't know any spells.

Dungeon Overview and Level Annotations

Branches:
Dungeon (14/15)            Temple (1/1) D:5            Lair (0/6) D:10
    Orc (0/2) D:12
 Vaults: D:13-14

Altars:
Ashenzari
Cheibriados
Dithmenos
Elyvilon
Fedhas
Gozag
Kikubaaqudgha
Makhleb
Okawaru
Qazlal
Ru
Sif Muna
Trog
Uskayaw
Vehumet
Wu Jian
Xom
Yredelemnul
Zin
The Shining One
Beogh

Shops:
D:10 !

Annotations:
D:14 Frances


Innate Abilities, Weirdness & Mutations

You are resistant to damage.
You can heal yourself by infusing magical energy.
You passively map the area around you.
You do not regenerate.
You have large cloven feet.
You are partially covered in thin metallic scales. (AC +2)
Armour fits poorly on your strangely shaped body.
You are covered in fur. (AC +1)
Your movements are slightly less encumbered by armour. (ER -2)


Message History

The kobold throws a stone.
The stone closely misses you. You block the meliai's attack.
The meliai stings you but does no damage.
The meliai barely misses you. You block the meliai's attack.
The meliai hits you but does no damage. You block the meliai's attack.
The meliai invokes the aid of its god against you.
Something smites you!
* * * LOW HITPOINT WARNING * * *
You block the meliai's attack. x2
You block the sixfirhy's attack. The sixfirhy closely misses you.
The meliai invokes the aid of its god against you.
Something smites you!
* * * LOW HITPOINT WARNING * * *
The meliai mumbles some strange prayers to its god against you.
Something smites you!
* * * LOW HITPOINT WARNING * * *
You block the sixfirhy's attack.
The meliai mumbles some strange prayers to its god against you.
Something smites you!
You die...

....Ky..# #.# *,*
#.####.##* #.# *,*
#.* #...## #.# *,*
#.####....###.# ***,*
*,........†y..# *,,,*
,,####...#y..## *,***
*,**#...###.g@## *,*
*,*#........O..####.#
*,*#..#.).).#KH3@...#
,*,#.##.._..##.y##<.#
**#..,#.).).#...#*,.#
,*.#,..........##*,,#
*,**#...###...## *,,*
*,,>....,#...#* *,,*
*****..,....#* *,,*
,,,,,,,,.###*
*,,******* ******,,**
*,,,,,,,,*


You could see Frances, a two-headed ogre, a hippogriff, a sixfirhy, a gnoll
sergeant, 3 meliai and a kobold.

Vanquished Creatures
  Rupert (D:13)
  A reaper (IceCv)
  A hydra (D:13)
  A centaur warrior (D:14)
  A two-headed ogre (D:10)
  Urug (D:12)
  A deep elf knight (D:12)
  An unseen horror (D:13)
  A wizard (D:12)
  2 orc knights (D:12)
  Pikel (D:7)
  An ugly thing (D:13)
  A cyclops (D:11)
  Psyche (D:8)
  Joseph (D:12)
  2 ice statues (IceCv)
  6 ice devils (IceCv)
  2 trolls
  A hornet (D:10)
  5 slime creatures
  2 hippogriffs
  Sigmund (D:6)
  A shadow (D:11)
  8 yaks (D:10)
  A basilisk (shapeshifter) (D:13)
  A basilisk (D:10)
  2 hungry ghosts
  5 vampire mosquitoes
  A soldier ant (D:11)
  A water moccasin (D:10)
  12 orc warriors
  A porcupine (D:10)
  2 slaves (D:7)
  3 ice beasts
  2 sky beasts
  A black bear (shapeshifter) (D:14)
  An eye of draining (D:11)
  A necrophage (D:8)
  5 ogres
  8 centaurs
  2 crocodiles (D:10)
  An elf zombie (Ossuary)
  2 big kobolds
  Blork the orc (D:6)
  8 bullfrogs
  2 water moccasin zombies
  A wyvern zombie (D:11)
  A scorpion (D:7)
  A water moccasin skeleton (D:5)
  A wyvern skeleton (D:13)
  The ghost of MrLeft the Skirmisher, a weakling DsBe of Trog (D:3)
  7 killer bees
  10 wights
  A howler monkey (D:6)
  7 crimson imps
  3 centaur zombies
  4 bullfrog zombies
  3 human zombies (Ossuary)
  5 jellies
  Crazy Yiuf (D:7)
  2 bullfrog skeletons (D:9)
  10 orc priests
  10 hounds
  15 orc wizards
  2 centaur skeletons
  3 iguanas
  10 worker ants
  A killer bee zombie (D:8)
  A hound zombie (D:10)
  2 hound skeletons (D:4)
  3 mummies (Ossuary)
  A worker ant zombie (D:8)
  13 gnolls
  19 adders
  4 shadow imps
  13 white imps (IceCv)
  4 ufetubi (IceCv)
  An ooze (D:2)
  4 adder skeletons
  4 adder zombies
  3 worms
  2 dart slugs
  8 leopard geckos
  78 orcs
  A ball python (D:7)
  12 bats
  3 giant cockroaches
  2 gnoll zombies (Ossuary)
  7 goblins
  5 hobgoblins
  12 jackals
  4 quokkas
  6 frilled lizards
  6 goblin zombies (Ossuary)
  2 hobgoblin zombies (Ossuary)
  A jackal skeleton (D:4)
  4 jackal zombies (Ossuary)
  17 kobolds
  5 kobold zombies (Ossuary)
  2 orc zombies (Ossuary)
  4 quokka zombies (Ossuary)
  4 rats
  3 rat zombies (Ossuary)
466 creatures vanquished.

Vanquished Creatures (others)
  4 dream sheep (D:3)
  A slave (D:7)
  An orc wizard (D:11)
  5 white imps (IceCv)
  An orc (D:7)
  2 fungi (D:10)
14 creatures vanquished.

Grand Total: 480 creatures vanquished

Notes
Turn   | Place    | Note
-------+----------+-------------------------------------------
     0 | D:1      | Lovchig the Deep Dwarf Fighter began the quest for the Orb.
     0 | D:1      | Reached XP level 1. HP: 20/20 MP: 1/1
   427 | D:1      | Reached XP level 2. HP: 21/27 MP: 2/2
   573 | D:2      | Reached XP level 3. HP: 21/33 MP: 3/3
   628 | D:2      | Found a bloodstained altar of Trog.
   705 | D:2      | Reached skill level 3 in Axes
   727 | D:2      | Reached skill level 1 in Dodging
   925 | D:2      | Reached XP level 4. HP: 14/42 MP: 4/4
  1307 | D:3      | Noticed MrLeft's ghost (weakling DsBe)
  1315 | D:3      | Killed MrLeft's ghost
  1323 | D:3      | Reached XP level 5. HP: 21/49 MP: 5/5
  1328 | D:3      | Reached skill level 4 in Axes
  1488 | D:3      | Found a shimmering altar of Xom.
  1488 | D:3      | Noticed a dream sheep
  1488 | D:3      | Noticed a dream sheep
  1488 | D:3      | Noticed a dream sheep
  1488 | D:3      | Noticed a dream sheep
  1493 | D:3      | Killed a dream sheep
  1493 | D:3      | Killed a dream sheep
  1493 | D:3      | Killed a dream sheep
  1495 | D:3      | Killed a dream sheep
  1599 | D:3      | Reached XP level 6. HP: 55/56 MP: 4/4
  2094 | D:4      | Found an opulent altar of Gozag.
  2150 | D:4      | Reached skill level 5 in Axes
  2209 | D:4      | Found a sand-covered staircase.
  2235 | D:4      | Reached XP level 7. HP: 27/62 MP: 4/4
  2250 | Ossuary  | Entered an ossuary
  2313 | Ossuary  | Reached skill level 5 in Shields
  2432 | Ossuary  | Reached skill level 6 in Axes
  3037 | D:4      | Gained mutation: You have a pair of small horns on your head. [potion of mutation]
  3037 | D:4      | Gained mutation: You expend magic power (3 MP) to strengthen your wands. [potion of mutation]
  3037 | D:4      | Gained mutation: Your muscles are strong. (Str +2) [potion of mutation]
  3037 | D:4      | Gained mutation: You are robust. (+10% HP) [potion of mutation]
  3049 | D:5      | Entered Level 5 of the Dungeon
  3055 | D:5      | Reached skill level 5 in Armour
  3076 | D:5      | Reached skill level 7 in Axes
  3076 | D:5      | Reached XP level 8. HP: 52/79 MP: 4/4
  3347 | D:5      | Found a staircase to the Ecumenical Temple.
  3363 | Temple   | Entered the Ecumenical Temple
  3437 | Temple   | Became a worshipper of Makhleb the Destroyer
  3646 | D:6      | Reached skill level 8 in Axes
  3956 | D:6      | Noticed Sigmund
  3970 | D:6      | Killed Sigmund
  3979 | D:6      | Noticed Blork the orc
  3985 | D:6      | Killed Blork the orc
  4433 | D:6      | Found a glowing golden altar of the Shining One.
  4447 | D:6      | Lost mutation: Your muscles are strong. (Str +2) [potion of mutation]
  4447 | D:6      | Lost mutation: You expend magic power (3 MP) to strengthen your wands. [potion of mutation]
  4447 | D:6      | Lost mutation: You are robust. (+10% HP) [potion of mutation]
  4447 | D:6      | Gained mutation: You have a pair of horns on your head. [potion of mutation]
  4447 | D:6      | Gained mutation: You tend to lose your temper in combat. [potion of mutation]
  4447 | D:6      | Lost mutation: You tend to lose your temper in combat. [potion of mutation]
  4517 | D:7      | Gained mutation: You passively map the area around you. [Deep Dwarf growth]
  4517 | D:7      | Reached XP level 9. HP: 58/79 MP: 5/5
  4566 | D:7      | Found an ornate altar of the Wu Jian Council.
  4591 | D:7      | Reached skill level 9 in Axes
  4628 | D:7      | Reached * piety under Makhleb
  4688 | D:7      | Found a runed door.
  4915 | D:7      | Noticed Pikel
  4939 | D:7      | Killed Pikel
  4939 | D:7      | Reached skill level 5 in Fighting
  4996 | D:7      | Found a sacrificial altar of Ru.
  5232 | D:7      | Noticed Crazy Yiuf
  5236 | D:7      | Killed Crazy Yiuf
  5349 | D:8      | Reached skill level 5 in Dodging
  5388 | D:8      | Reached ** piety under Makhleb
  5510 | D:8      | Reached skill level 10 in Axes
  5614 | D:8      | Reached XP level 10. HP: 67/87 MP: 5/5
  6069 | D:8      | Noticed Psyche
  6083 | D:8      | Killed Psyche
  6467 | D:9      | Lost mutation: You have a pair of horns on your head. [potion of mutation]
  6467 | D:9      | Lost mutation: You have a pair of small horns on your head. [potion of mutation]
  6467 | D:9      | Gained mutation: You are partially covered in yellow scales. (AC +2) [potion of mutation]
  6467 | D:9      | Gained mutation: You evolve. [potion of mutation]
  6467 | D:9      | Gained mutation: You have a pair of small horns on your head. [potion of mutation]
  6650 | D:9      | Lost mutation: You have a pair of small horns on your head. [potion of mutation]
  6650 | D:9      | Lost mutation: You are partially covered in yellow scales. (AC +2) [potion of mutation]
  6650 | D:9      | Lost mutation: You evolve. [potion of mutation]
  6650 | D:9      | Gained mutation: Armour fits poorly on your strangely shaped body. [potion of mutation]
  6650 | D:9      | Gained mutation: You are agile. (Dex +2) [potion of mutation]
  6650 | D:9      | Gained mutation: You are covered in fur. (AC +1) [potion of mutation]
  6650 | D:9      | Gained mutation: You are partially covered in thin metallic scales. (AC +2) [potion of mutation]
  6651 | D:9      | Lost mutation: You are agile. (Dex +2) [potion of mutation]
  6651 | D:9      | Gained mutation: Your movements are slightly less encumbered by armour. (ER -2) [potion of mutation]
  6651 | D:9      | Gained mutation: You have large cloven feet. [potion of mutation]
  6710 | D:9      | Reached *** piety under Makhleb
  6778 | D:9      | Found a roughly hewn altar of Beogh.
  6867 | D:9      | Found a hide-covered altar of Uskayaw.
  6869 | D:9      | Noticed a dagger
  6870 | D:9      | Noticed a dagger
  7068 | D:10     | Entered Level 10 of the Dungeon
  7159 | D:10     | Reached skill level 11 in Axes
  7162 | D:10     | Got a dazzling hand axe
  7163 | D:10     | Identified the +6 hand axe of Xiadamae {chop, -Tele rElec Str+4} (You found it on level 10 of the Dungeon)
  7335 | D:10     | Found Qyrr's Distillery.
  7338 | D:10     | Reached **** piety under Makhleb
  7404 | D:10     | Reached XP level 11. HP: 60/97 MP: 6/6
  7453 | D:10     | Noticed a two-headed ogre
  7465 | D:10     | Paralysed by a hornet for 2 turns
  7472 | D:10     | Killed a two-headed ogre
  7514 | D:10     | Reached skill level 10 in Shields
  7680 | D:10     | Found a staircase to the Lair.
  8187 | D:11     | Reached ***** piety under Makhleb
  8187 | D:11     | Reached skill level 12 in Axes
  8719 | D:12     | Found a staircase to the Orcish Mines.
  8912 | D:12     | Noticed a wizard
  8913 | D:12     | Noticed an orc knight
  8913 | D:12     | Noticed an orc knight
  8913 | D:12     | Noticed an enchanted great sword
  8913 | D:12     | Noticed Urug
  8913 | D:12     | Noticed a deep elf knight
  8931 | D:12     | Killed a wizard
  8943 | D:12     | Killed Urug
  8956 | D:12     | Killed an orc knight
  8967 | D:12     | Noticed Joseph
  8968 | D:12     | HP: 5/100 [orc knight/long sword (9)]
  8984 | D:12     | Killed an orc knight
  8993 | D:12     | Killed Joseph
  9001 | D:12     | Killed a deep elf knight
  9001 | D:12     | Reached XP level 12. HP: 85/109 MP: 6/6
  9420 | D:13     | Noticed Rupert
  9466 | D:13     | Paralysed by Rupert for 2 turns
  9473 | D:13     | Killed Rupert
  9473 | D:13     | Reached skill level 13 in Axes
  9478 | D:13     | Noticed a six-headed hydra
  9716 | D:13     | Killed a six-headed hydra
  9907 | D:14     | Noticed a centaur warrior
  9909 | D:14     | Found a frozen archway.
  9919 | D:14     | Killed a centaur warrior
  9927 | IceCv    | Entered an ice cave
  9995 | IceCv    | Reached skill level 1 in Maces & Flails
 10121 | IceCv    | Noticed a reaper
 10146 | IceCv    | Killed a reaper
 10146 | IceCv    | Reached skill level 10 in Armour
 10151 | IceCv    | Identified the Almanac of Destructive Translocation
 10317 | D:14     | Found an iron altar of Okawaru.
 10324 | D:14     | Reached ****** piety under Makhleb
 10341 | D:14     | Noticed a two-headed ogre
 10343 | D:14     | Noticed Frances
 10353 | D:14     | HP: 2/111 [meliai/divine providence (14)]
 10353 | D:14     | Killed from afar by a meliai

Skill      XL: |  1  2  3  4  5  6  7  8  9 10 11 12 |
---------------+-------------------------------------+-----
Axes           | 3 4 5 7 8 10 11 12 13 | 13.8
Fighting       | 3 4 5 6 7 8 |  8.2
Dodging        | 1 2 3 4 5 6 7 8 |  8.1
Armour         | 4 5 6 7 9 10 | 10.0
Shields        | 4 5 6 8 9 11 12 | 12.2
Maces & Flails | 1 |  1.0

Action                   |  1- 3 |  4- 6 |  7- 9 | 10-12 || total
-------------------------+-------+-------+-------+-------++-------
Melee: War axe           |   126 |   213 |   479 |   249 ||  1067
       Headbutt          |       |       |    57 |    22 ||    79
       Kick              |       |       |       |   236 ||   236
       Hand axe          |       |       |       |   689 ||   689
       Flail             |       |       |       |    10 ||    10
 Abil: Heal Wounds       |       |     6 |    14 |    27 ||    47
  Use: Scroll            |     2 |     6 |    12 |     8 ||    28
       Potion            |       |       |     2 |     3 ||     5
 Stab: Distracted        |       |       |     1 |       ||     1
       Paralysed         |       |       |     1 |       ||     1
  Eat: Chunk             |       |     5 |    17 |    16 ||    38
Armor: Scale mail        |    83 |    44 |       |       ||   127
       Chain mail        |       |    72 |    58 |       ||   130
       Plate armour      |       |       |   202 |   243 ||   445
Dodge: Dodged            |    40 |    76 |    74 |   163 ||   353
Block: Shield            |   104 |   103 |       |       ||   207
       Large shield      |       |    75 |   473 |   739 ||  1287
